[ PARTIDA AOE2 · #478488394 ]
UnrankedCeltas vs Mongols
[ ANÁLISIS DE REPETICIÓN · EXTRAÍDO DE LA PARTIDA GRABADA ]
Feudal
12:14
Castillos
15:48
Imperial
30:14
| APM promedio | 32.1 |
| APM pico | 93 |
| eAPM promedio | 22.9 |
| Aldeanos / militares | 164 / 146 |
Foco
⚔️ 32.1% · 🌾 67.9%
Woad Raider ×60 · Scorpion ×33 · Spearman ×33 · Battering Ram ×16 · Trebuchet (Packed) ×2 · Monk ×1
Feudal
9:02
Castillos
18:22
Imperial
35:19
| APM promedio | 54.1 |
| APM pico | 98 |
| eAPM promedio | 21.7 |
| Aldeanos / militares | 159 / 99 |
Foco
⚔️ 33.0% · 🌾 67.0%
Scout Cavalry ×64 · Mangudai ×25 · Knight ×7 · Monk ×3
Feudal
11:05
Castillos
15:34
Imperial
35:43
| APM promedio | 21.4 |
| APM pico | 70 |
| eAPM promedio | 13.0 |
| Aldeanos / militares | 97 / 105 |
Foco
⚔️ 30.3% · 🌾 69.7%
Spearman ×78 · Knight ×25 · Trebuchet (Packed) ×2
Feudal
8:40
Castillos
17:14
Imperial
28:31
| APM promedio | 30.5 |
| APM pico | 86 |
| eAPM promedio | 16.2 |
| Aldeanos / militares | 123 / 2 |
Foco
⚔️ 20.4% · 🌾 79.6%
Unknown (1944) ×55 · Unknown (1952) ×30 · Unknown (1949) ×11 · Unknown (1942) ×5 · Petard ×2
Mapa de la partida
Recursos iniciales + cada clic de construcción. Líneas = muros · curvas = relieve. ◆ oro · ⬟ piedra · ● bayas · ✦ reliquia · ◌ hueco del cierre
Tu base· ✓ Cerrada en 15:48 · 0t muro · 3 puerta(s)
Base de carc90· ✓ Cerrada en 18:22 · 0t muro · 3 puerta(s)
Base de JAGR | Mazzei10· ✓ Cerrada en 15:34 · 0t muro · 3 puerta(s)
Base de 精锐蒙古突骑· ✓ Cerrada en 17:14 · 0t muro · 3 puerta(s)
Terreno inicial suavizado · ◌ = hueco del cierre detectado · pasá el cursor para detalles
Inputs por minuto
— 我没医保我不上 - - carc90
Build order — 我没医保我不上
Primeras 150 de 460 acciones detectadas
| 0:02 | Crear | Villager (Male) |
| 0:03 | Crear | Villager (Male) |
| 0:03 | Crear | Villager (Male) |
| 0:03 | Crear | Villager (Male) |
| 0:03 | Crear | Villager (Male) |
| 0:05 | Construir | House |
| 0:07 | Construir | House |
| 1:27 | Crear | Villager (Male) |
| 1:27 | Crear | Villager (Male) |
| 1:51 | Construir | Lumber Camp |
| 2:04 | Crear | Villager (Male) |
| 2:05 | Crear | Villager (Male) |
| 2:05 | Crear | Villager (Male) |
| 2:21 | Crear | Villager (Male) |
| 2:21 | Crear | Villager (Male) |
| 2:53 | Crear | Villager (Male) |
| 2:53 | Crear | Villager (Male) |
| 3:03 | Crear | Villager (Male) |
| 3:03 | Crear | Villager (Male) |
| 3:25 | Construir | House |
| 3:45 | Crear | Villager (Male) |
| 3:45 | Crear | Villager (Male) |
| 3:52 | Construir | Mill |
| 4:04 | Crear | Villager (Male) |
| 4:04 | Crear | Villager (Male) |
| 4:04 | Crear | Villager (Male) |
| 4:16 | Construir | House |
| 4:35 | Crear | Villager (Male) |
| 4:35 | Crear | Villager (Male) |
| 5:01 | Crear | Villager (Male) |
| 5:01 | Crear | Villager (Male) |
| 5:16 | Crear | Villager (Male) |
| 5:16 | Crear | Villager (Male) |
| 5:45 | Crear | Villager (Male) |
| 5:45 | Crear | Villager (Male) |
| 5:59 | Construir | House |
| 6:19 | Crear | Villager (Male) |
| 6:19 | Crear | Villager (Male) |
| 6:19 | Crear | Villager (Male) |
| 6:20 | Crear | Villager (Male) |
| 6:50 | Crear | Villager (Male) |
| 7:11 | Construir | Farm |
| 7:36 | Construir | Farm |
| 7:44 | Crear | Villager (Male) |
| 8:04 | Construir | Mining Camp |
| 8:10 | Crear | Villager (Male) |
| 8:39 | Crear | Villager (Male) |
| 8:40 | Crear | Villager (Male) |
| 9:01 | Crear | Villager (Male) |
| 9:37 | Investigar | Feudal Age |
| 9:43 | Construir | Mining Camp |
| 10:22 | Crear | Villager (Male) |
| 10:23 | Crear | Villager (Male) |
| 11:48 | Construir | Lumber Camp |
| 12:14 | Edad | Edad Feudal |
| 12:16 | Construir | Market |
| 12:20 | Construir | Blacksmith |
| 13:08 | Investigar | Castle Age |
| 13:11 | Construir | Farm |
| 13:11 | Construir | Farm |
| 13:17 | Investigar | Double-Bit Axe |
| 13:50 | Crear | Villager (Male) |
| 13:50 | Crear | Villager (Male) |
| 13:51 | Investigar | Loom |
| 13:56 | Construir | Farm |
| 14:01 | Construir | Farm |
| 14:01 | Construir | Farm |
| 14:14 | Investigar | Horse Collar |
| 14:20 | Construir | House |
| 14:24 | Construir | House |
| 14:27 | Construir | House |
| 14:28 | Construir | House |
| 15:48 | Edad | Edad de los Castillos |
| 15:50 | Construir | Town Center |
| 15:54 | Construir | Town Center |
| 16:00 | Crear | Villager (Male) |
| 16:23 | Investigar | Bow Saw |
| 16:26 | Construir | House |
| 16:27 | Construir | House |
| 16:39 | Crear | Villager (Male) |
| 16:51 | Construir | House |
| 16:52 | Construir | House |
| 16:54 | Crear | Villager (Male) |
| 17:06 | Construir | Farm |
| 17:06 | Construir | Farm |
| 17:21 | Construir | Castle |
| 17:29 | Crear | Villager (Male) |
| 17:31 | Crear | Villager (Male) |
| 17:41 | Construir | Farm |
| 17:41 | Construir | Farm |
| 17:45 | Construir | Farm |
| 17:46 | Construir | Farm |
| 17:53 | Construir | Farm |
| 17:54 | Construir | Farm |
| 18:00 | Crear | Villager (Male) |
| 18:00 | Crear | Villager (Male) |
| 18:07 | Construir | House |
| 18:08 | Construir | House |
| 18:10 | Construir | House |
| 18:12 | Construir | House |
| 18:13 | Crear | Villager (Male) |
| 18:13 | Crear | Villager (Male) |
| 18:14 | Crear | Villager (Male) |
| 18:29 | Crear | Villager (Male) |
| 18:29 | Crear | Villager (Male) |
| 18:43 | Construir | Farm |
| 18:45 | Crear | Villager (Male) |
| 18:45 | Crear | Villager (Male) |
| 18:49 | Construir | Farm |
| 18:53 | Crear | Villager (Male) |
| 18:53 | Crear | Villager (Male) |
| 19:00 | Crear | Villager (Male) |
| 19:00 | Crear | Villager (Male) |
| 19:06 | Construir | Farm |
| 19:20 | Construir | Monastery |
| 19:24 | Crear | Villager (Male) |
| 19:24 | Crear | Villager (Male) |
| 19:25 | Crear | Villager (Male) |
| 19:25 | Crear | Villager (Male) |
| 19:36 | Crear | Villager (Male) |
| 19:37 | Crear | Villager (Male) |
| 19:42 | Construir | Farm |
| 19:42 | Construir | Farm |
| 19:45 | Crear | Villager (Male) |
| 19:45 | Crear | Villager (Male) |
| 19:54 | Crear | Villager (Male) |
| 20:02 | Construir | Farm |
| 20:02 | Construir | Farm |
| 20:05 | Crear | Villager (Male) |
| 20:05 | Crear | Villager (Male) |
| 20:09 | Construir | Farm |
| 20:12 | Crear | Monk |
| 20:13 | Crear | Woad Raider |
| 20:14 | Crear | Woad Raider |
| 20:24 | Construir | Farm |
| 20:25 | Construir | Farm |
| 20:27 | Crear | Villager (Male) |
| 20:27 | Crear | Villager (Male) |
| 20:33 | Crear | Villager (Male) |
| 20:33 | Crear | Villager (Male) |
| 20:40 | Construir | House |
| 20:41 | Construir | House |
| 20:44 | Construir | House |
| 20:46 | Construir | House |
| 20:48 | Construir | House |
| 20:50 | Construir | House |
| 20:51 | Crear | Villager (Male) |
| 20:52 | Crear | Villager (Male) |
| 20:52 | Crear | Villager (Male) |
| 20:52 | Crear | Villager (Male) |
Build order — carc90
Primeras 150 de 425 acciones detectadas
| 0:02 | Construir | House |
| 0:03 | Crear | Villager (Male) |
| 0:03 | Crear | Villager (Male) |
| 0:03 | Crear | Villager (Male) |
| 0:04 | Crear | Villager (Male) |
| 0:06 | Construir | House |
| 1:26 | Crear | Villager (Male) |
| 1:55 | Construir | Lumber Camp |
| 2:02 | Crear | Villager (Male) |
| 2:16 | Crear | Villager (Male) |
| 2:16 | Crear | Villager (Male) |
| 2:59 | Crear | Villager (Male) |
| 2:59 | Crear | Villager (Male) |
| 3:03 | Crear | Villager (Male) |
| 3:39 | Crear | Villager (Male) |
| 4:03 | Crear | Villager (Male) |
| 4:05 | Construir | House |
| 4:33 | Crear | Villager (Male) |
| 4:36 | Crear | Villager (Male) |
| 4:36 | Crear | Villager (Male) |
| 4:38 | Crear | Villager (Male) |
| 4:53 | Construir | Mill |
| 5:30 | Crear | Villager (Male) |
| 5:30 | Crear | Villager (Male) |
| 5:46 | Crear | Villager (Male) |
| 6:04 | Crear | Villager (Male) |
| 6:04 | Crear | Villager (Male) |
| 6:14 | Crear | Villager (Male) |
| 6:46 | Construir | Lumber Camp |
| 6:52 | Investigar | Feudal Age |
| 7:13 | Construir | House |
| 7:13 | Crear | Villager (Male) |
| 7:32 | Crear | Villager (Male) |
| 7:50 | Crear | Villager (Male) |
| 8:03 | Crear | Villager (Male) |
| 8:10 | Construir | Barracks |
| 8:10 | Crear | Villager (Male) |
| 8:58 | Crear | Villager (Male) |
| 9:02 | Edad | Edad Feudal |
| 9:10 | Construir | Stable |
| 9:11 | Crear | Villager (Male) |
| 9:27 | Construir | Farm |
| 9:43 | Construir | House |
| 9:52 | Crear | Villager (Male) |
| 9:55 | Construir | Farm |
| 10:03 | Crear | Scout Cavalry |
| 10:04 | Crear | Scout Cavalry |
| 10:09 | Construir | Farm |
| 10:20 | Crear | Villager (Male) |
| 10:27 | Crear | Villager (Male) |
| 10:30 | Construir | Farm |
| 10:36 | Construir | House |
| 10:36 | Crear | Villager (Male) |
| 10:47 | Crear | Villager (Male) |
| 10:50 | Construir | Farm |
| 10:56 | Crear | Villager (Male) |
| 10:59 | Construir | Farm |
| 11:21 | Crear | Villager (Male) |
| 11:26 | Construir | Farm |
| 11:32 | Crear | Villager (Male) |
| 11:52 | Crear | Villager (Male) |
| 11:55 | Construir | Farm |
| 11:55 | Crear | Villager (Male) |
| 11:57 | Construir | House |
| 12:09 | Construir | Mining Camp |
| 12:09 | Crear | Villager (Male) |
| 12:20 | Crear | Villager (Male) |
| 12:24 | Crear | Villager (Male) |
| 12:31 | Crear | Villager (Male) |
| 12:42 | Crear | Villager (Male) |
| 12:44 | Construir | Farm |
| 12:57 | Crear | Villager (Male) |
| 13:05 | Crear | Villager (Male) |
| 13:33 | Crear | Villager (Male) |
| 13:37 | Crear | Villager (Male) |
| 13:49 | Crear | Villager (Male) |
| 13:52 | Construir | Farm |
| 14:00 | Construir | Farm |
| 14:03 | Construir | Farm |
| 14:08 | Construir | House |
| 14:11 | Crear | Villager (Male) |
| 14:22 | Crear | Villager (Male) |
| 14:31 | Crear | Villager (Male) |
| 14:51 | Construir | Blacksmith |
| 14:52 | Crear | Villager (Male) |
| 15:06 | Crear | Scout Cavalry |
| 15:06 | Crear | Villager (Male) |
| 15:13 | Investigar | Double-Bit Axe |
| 15:26 | Construir | Farm |
| 15:26 | Construir | Farm |
| 15:29 | Investigar | Castle Age |
| 15:57 | Crear | Scout Cavalry |
| 15:58 | Crear | Villager (Male) |
| 16:23 | Crear | Villager (Male) |
| 16:27 | Crear | Villager (Male) |
| 16:43 | Construir | House |
| 17:14 | Crear | Villager (Male) |
| 17:20 | Investigar | Forging |
| 17:22 | Crear | Villager (Male) |
| 17:36 | Construir | Mining Camp |
| 17:52 | Crear | Villager (Male) |
| 17:58 | Construir | Farm |
| 17:58 | Construir | Farm |
| 17:58 | Construir | Farm |
| 18:22 | Edad | Edad de los Castillos |
| 18:29 | Construir | Town Center |
| 18:37 | Crear | Villager (Male) |
| 18:42 | Construir | Monastery |
| 18:51 | Crear | Villager (Male) |
| 19:02 | Construir | Farm |
| 19:03 | Construir | Farm |
| 19:05 | Investigar | Horse Collar |
| 19:06 | Crear | Villager (Male) |
| 19:09 | Crear | Villager (Male) |
| 19:18 | Crear | Villager (Male) |
| 19:21 | Crear | Monk |
| 19:21 | Crear | Monk |
| 19:26 | Crear | Villager (Male) |
| 19:33 | Construir | Farm |
| 19:37 | Construir | Farm |
| 19:38 | Crear | Villager (Male) |
| 19:43 | Crear | Villager (Male) |
| 19:59 | Crear | Villager (Male) |
| 20:02 | Crear | Villager (Male) |
| 20:02 | Crear | Villager (Male) |
| 20:13 | Construir | Farm |
| 20:25 | Crear | Villager (Male) |
| 20:26 | Crear | Villager (Male) |
| 20:37 | Construir | Farm |
| 20:37 | Crear | Villager (Male) |
| 20:40 | Crear | Villager (Male) |
| 20:41 | Crear | Villager (Male) |
| 20:45 | Crear | Villager (Male) |
| 20:45 | Crear | Villager (Male) |
| 20:52 | Crear | Villager (Male) |
| 20:52 | Crear | Villager (Male) |
| 20:54 | Crear | Villager (Male) |
| 20:54 | Crear | Villager (Male) |
| 21:09 | Crear | Villager (Male) |
| 21:09 | Crear | Villager (Male) |
| 21:09 | Crear | Villager (Male) |
| 21:15 | Investigar | Bow Saw |
| 21:16 | Crear | Villager (Male) |
| 21:16 | Crear | Villager (Male) |
| 21:24 | Construir | Farm |
| 21:27 | Crear | Villager (Male) |
| 21:31 | Construir | House |
| 21:33 | Construir | House |
| 21:36 | Crear | Villager (Male) |
| 21:46 | Crear | Villager (Male) |
Build order — JAGR | Mazzei10
Primeras 150 de 285 acciones detectadas
| 0:01 | Crear | Villager (Male) |
| 0:01 | Crear | Villager (Male) |
| 0:02 | Crear | Villager (Male) |
| 0:02 | Crear | Villager (Male) |
| 0:03 | Construir | House |
| 0:05 | Construir | House |
| 1:31 | Crear | Villager (Male) |
| 1:51 | Construir | Lumber Camp |
| 2:02 | Crear | Villager (Male) |
| 2:32 | Crear | Villager (Male) |
| 2:46 | Crear | Villager (Male) |
| 3:16 | Investigar | Loom |
| 3:27 | Crear | Villager (Male) |
| 3:58 | Crear | Villager (Male) |
| 4:23 | Construir | House |
| 4:36 | Crear | Villager (Male) |
| 4:41 | Construir | House |
| 4:49 | Construir | Mill |
| 4:55 | Crear | Villager (Male) |
| 5:29 | Crear | Villager (Male) |
| 6:00 | Crear | Villager (Male) |
| 6:13 | Crear | Villager (Male) |
| 6:14 | Crear | Villager (Male) |
| 6:15 | Crear | Villager (Male) |
| 7:16 | Crear | Villager (Male) |
| 7:18 | Crear | Villager (Male) |
| 8:25 | Crear | Villager (Male) |
| 8:44 | Investigar | Feudal Age |
| 8:51 | Construir | Mining Camp |
| 10:27 | Construir | House |
| 10:37 | Construir | House |
| 10:46 | Construir | Farm |
| 10:47 | Construir | Farm |
| 10:48 | Construir | Farm |
| 10:49 | Construir | Farm |
| 10:55 | Construir | Farm |
| 11:05 | Edad | Edad Feudal |
| 11:07 | Crear | Villager (Male) |
| 11:09 | Crear | Villager (Male) |
| 11:18 | Construir | Blacksmith |
| 11:36 | Construir | Market |
| 11:47 | Construir | Farm |
| 11:58 | Crear | Villager (Male) |
| 12:29 | Crear | Villager (Male) |
| 12:52 | Investigar | Castle Age |
| 13:04 | Construir | Farm |
| 13:11 | Construir | Farm |
| 13:21 | Construir | House |
| 13:25 | Investigar | Double-Bit Axe |
| 13:37 | Construir | Farm |
| 14:10 | Construir | Barracks |
| 14:58 | Construir | Mining Camp |
| 15:13 | Construir | House |
| 15:20 | Construir | Farm |
| 15:32 | Crear | Villager (Male) |
| 15:32 | Crear | Villager (Male) |
| 15:34 | Edad | Edad de los Castillos |
| 15:42 | Investigar | Bow Saw |
| 15:48 | Construir | House |
| 16:16 | Crear | Villager (Male) |
| 16:18 | Crear | Villager (Male) |
| 16:24 | Construir | Stable |
| 16:46 | Crear | Villager (Male) |
| 16:46 | Crear | Villager (Male) |
| 16:51 | Construir | Farm |
| 16:54 | Construir | Farm |
| 17:18 | Crear | Villager (Male) |
| 17:18 | Crear | Villager (Male) |
| 17:27 | Construir | Gate |
| 17:37 | Construir | House |
| 17:39 | Construir | House |
| 18:10 | Construir | Town Center |
| 18:23 | Investigar | Husbandry |
| 18:27 | Investigar | Scale Barding Armor |
| 18:29 | Investigar | Forging |
| 18:35 | Crear | Knight |
| 18:36 | Crear | Knight |
| 18:40 | Construir | House |
| 19:09 | Crear | Villager (Male) |
| 19:13 | Crear | Villager (Male) |
| 19:18 | Construir | House |
| 19:31 | Construir | Stable |
| 19:48 | Investigar | Chain Barding Armor |
| 20:01 | Crear | Villager (Male) |
| 20:01 | Crear | Villager (Male) |
| 20:10 | Construir | Farm |
| 20:19 | Construir | Farm |
| 20:25 | Construir | Farm |
| 20:28 | Crear | Villager (Male) |
| 20:28 | Crear | Villager (Male) |
| 20:43 | Construir | House |
| 20:52 | Construir | Farm |
| 20:58 | Crear | Villager (Male) |
| 20:58 | Crear | Villager (Male) |
| 21:01 | Construir | Farm |
| 21:07 | Construir | Farm |
| 21:10 | Crear | Villager (Male) |
| 21:10 | Crear | Villager (Male) |
| 21:26 | Construir | Farm |
| 21:31 | Construir | Farm |
| 21:43 | Crear | Villager (Male) |
| 21:43 | Crear | Villager (Male) |
| 22:04 | Construir | Outpost |
| 22:11 | Crear | Villager (Male) |
| 22:12 | Crear | Villager (Male) |
| 22:15 | Construir | Farm |
| 22:27 | Construir | Outpost |
| 22:42 | Construir | Outpost |
| 23:12 | Crear | Villager (Male) |
| 23:12 | Crear | Villager (Male) |
| 23:15 | Crear | Knight |
| 23:15 | Crear | Knight |
| 23:16 | Crear | Knight |
| 23:16 | Crear | Knight |
| 23:22 | Construir | Farm |
| 23:24 | Construir | Farm |
| 23:24 | Construir | Farm |
| 23:40 | Construir | House |
| 23:42 | Construir | House |
| 23:51 | Construir | Farm |
| 23:54 | Construir | Farm |
| 24:06 | Construir | Lumber Camp |
| 24:25 | Construir | Castle |
| 24:30 | Crear | Villager (Male) |
| 24:30 | Crear | Villager (Male) |
| 24:32 | Crear | Villager (Male) |
| 24:32 | Crear | Villager (Male) |
| 24:35 | Crear | Knight |
| 24:35 | Crear | Knight |
| 24:37 | Crear | Knight |
| 24:37 | Crear | Knight |
| 24:42 | Investigar | Iron Casting |
| 25:23 | Crear | Villager (Male) |
| 25:23 | Crear | Villager (Male) |
| 25:25 | Crear | Villager (Male) |
| 25:25 | Crear | Villager (Male) |
| 26:01 | Construir | Stone Wall |
| 26:09 | Crear | Knight |
| 26:10 | Crear | Knight |
| 26:11 | Crear | Villager (Male) |
| 26:12 | Crear | Villager (Male) |
| 26:16 | Construir | Farm |
| 26:17 | Construir | Farm |
| 26:19 | Construir | Farm |
| 26:31 | Construir | Town Center |
| 26:33 | Construir | Farm |
| 26:33 | Construir | Farm |
| 26:34 | Construir | Farm |
| 26:34 | Construir | Farm |
| 26:35 | Construir | Farm |
Build order — 精锐蒙古突骑
Primeras 150 de 331 acciones detectadas
| 0:05 | Crear | Villager (Male) |
| 0:05 | Crear | Villager (Male) |
| 0:06 | Crear | Villager (Male) |
| 0:06 | Crear | Villager (Male) |
| 0:06 | Crear | Villager (Male) |
| 0:08 | Construir | House |
| 0:10 | Construir | House |
| 1:30 | Crear | Villager (Male) |
| 1:31 | Crear | Villager (Male) |
| 2:06 | Crear | Villager (Male) |
| 2:06 | Crear | Villager (Male) |
| 2:14 | Construir | Lumber Camp |
| 2:18 | Construir | Lumber Camp |
| 2:26 | Crear | Villager (Male) |
| 2:26 | Crear | Villager (Male) |
| 2:26 | Crear | Villager (Male) |
| 2:26 | Crear | Villager (Male) |
| 2:39 | Construir | House |
| 3:12 | Crear | Villager (Male) |
| 3:39 | Crear | Villager (Male) |
| 3:39 | Crear | Villager (Male) |
| 3:39 | Crear | Villager (Male) |
| 3:54 | Crear | Villager (Male) |
| 3:54 | Crear | Villager (Male) |
| 3:54 | Crear | Villager (Male) |
| 4:34 | Crear | Villager (Male) |
| 4:34 | Crear | Villager (Male) |
| 4:35 | Crear | Villager (Male) |
| 4:51 | Crear | Villager (Male) |
| 4:51 | Crear | Villager (Male) |
| 5:33 | Construir | Mill |
| 5:38 | Construir | Mill |
| 5:39 | Crear | Villager (Male) |
| 6:30 | Investigar | Feudal Age |
| 6:49 | Construir | Mining Camp |
| 7:14 | Construir | House |
| 7:21 | Crear | Villager (Male) |
| 7:21 | Crear | Villager (Male) |
| 7:53 | Construir | House |
| 8:40 | Edad | Edad Feudal |
| 8:41 | Investigar | Double-Bit Axe |
| 8:42 | Investigar | Double-Bit Axe |
| 8:45 | Investigar | Horse Collar |
| 8:45 | Investigar | Horse Collar |
| 8:47 | Investigar | Gold Mining |
| 9:17 | Crear | Villager (Male) |
| 9:34 | Investigar | Stone Mining |
| 9:45 | Construir | House |
| 9:50 | Construir | Farm |
| 9:52 | Construir | Farm |
| 9:56 | Crear | Villager (Male) |
| 9:56 | Crear | Villager (Male) |
| 10:08 | Construir | Farm |
| 10:10 | Crear | Villager (Male) |
| 10:25 | Construir | Farm |
| 10:29 | Crear | Villager (Male) |
| 10:34 | Construir | Farm |
| 10:49 | Crear | Villager (Male) |
| 10:56 | Construir | Farm |
| 11:08 | Construir | Farm |
| 11:15 | Crear | Villager (Male) |
| 11:33 | Construir | Farm |
| 11:36 | Construir | Farm |
| 11:39 | Construir | Farm |
| 11:41 | Crear | Villager (Male) |
| 11:52 | Construir | Farm |
| 11:59 | Construir | Farm |
| 12:05 | Crear | Villager (Male) |
| 12:31 | Crear | Villager (Male) |
| 12:37 | Construir | Market |
| 12:42 | Investigar | Wheelbarrow |
| 13:23 | Construir | Blacksmith |
| 14:06 | Construir | Mining Camp |
| 14:35 | Investigar | Castle Age |
| 15:07 | Construir | House |
| 15:41 | Crear | Villager (Male) |
| 15:41 | Crear | Villager (Male) |
| 17:14 | Edad | Edad de los Castillos |
| 17:19 | Construir | Town Center |
| 17:21 | Investigar | Bow Saw |
| 17:23 | Investigar | Heavy Plow |
| 17:26 | Investigar | Stone Shaft Mining |
| 17:27 | Investigar | Gold Shaft Mining |
| 17:29 | Crear | Villager (Male) |
| 17:38 | Construir | Farm |
| 17:40 | Crear | Villager (Male) |
| 17:59 | Construir | House |
| 18:08 | Construir | Farm |
| 18:12 | Construir | Farm |
| 18:34 | Crear | Villager (Male) |
| 18:57 | Crear | Villager (Male) |
| 18:57 | Crear | Villager (Male) |
| 19:01 | Construir | Farm |
| 19:03 | Construir | Farm |
| 19:07 | Construir | Farm |
| 19:09 | Crear | Villager (Male) |
| 19:21 | Construir | Farm |
| 19:23 | Construir | Farm |
| 19:24 | Crear | Villager (Male) |
| 19:26 | Crear | Villager (Male) |
| 19:44 | Construir | Castle |
| 19:53 | Crear | Villager (Male) |
| 19:55 | Crear | Villager (Male) |
| 20:02 | Construir | House |
| 20:10 | Construir | Farm |
| 20:11 | Crear | Villager (Male) |
| 20:18 | Investigar | Hand Cart |
| 20:27 | Crear | Villager (Male) |
| 20:30 | Crear | Villager (Male) |
| 20:40 | Crear | Villager (Male) |
| 20:43 | Construir | Farm |
| 20:49 | Construir | Farm |
| 20:56 | Crear | Unit 1949 |
| 20:57 | Crear | Unit 1949 |
| 20:59 | Crear | Unit 1949 |
| 21:04 | Crear | Unit 1949 |
| 21:07 | Crear | Villager (Male) |
| 21:09 | Crear | Villager (Male) |
| 21:11 | Construir | Farm |
| 21:16 | Crear | Unit 1949 |
| 21:19 | Crear | Petard |
| 21:20 | Crear | Petard |
| 21:27 | Crear | Villager (Male) |
| 21:33 | Construir | Farm |
| 21:40 | Construir | Farm |
| 21:46 | Crear | Villager (Male) |
| 22:03 | Crear | Villager (Male) |
| 22:07 | Crear | Villager (Male) |
| 22:10 | Construir | Farm |
| 22:12 | Construir | Farm |
| 22:32 | Construir | Town Center |
| 22:35 | Crear | Villager (Male) |
| 22:47 | Crear | Villager (Male) |
| 22:50 | Crear | Unit 1949 |
| 22:55 | Investigar | Scale Barding Armor |
| 23:13 | Crear | Villager (Male) |
| 23:14 | Crear | Villager (Male) |
| 23:15 | Crear | Villager (Male) |
| 23:19 | Construir | Farm |
| 23:22 | Crear | Villager (Male) |
| 23:25 | Construir | House |
| 23:26 | Construir | House |
| 23:29 | Construir | Farm |
| 23:32 | Construir | Farm |
| 23:35 | Construir | Farm |
| 23:35 | Construir | Farm |
| 23:45 | Crear | Villager (Male) |
| 23:46 | Crear | Villager (Male) |
| 23:49 | Construir | Farm |
| 23:56 | Crear | Villager (Male) |
Cronología de la partida
| 8:10 | carc90 · first_building Barracks |
| 8:40 | 精锐蒙古突骑 · age_up feudal |
| 9:02 | carc90 · age_up feudal |
| 9:10 | carc90 · first_building Stable |
| 11:05 | JAGR | Mazzei10 · age_up feudal |
| 12:14 | 我没医保我不上 · age_up feudal |
| 12:44 | JAGR | Mazzei10 · first_market_sell 100 stone |
| 13:35 | 精锐蒙古突骑 · first_market_buy 100 food |
| 14:10 | JAGR | Mazzei10 · first_building Barracks |
| 15:34 | JAGR | Mazzei10 · age_up castle |
| 15:48 | 我没医保我不上 · age_up castle |
| 16:24 | JAGR | Mazzei10 · first_building Stable |
| 17:14 | 精锐蒙古突骑 · age_up castle |
| 17:21 | 我没医保我不上 · first_building Castle |
| 18:22 | carc90 · age_up castle |
| 18:42 | carc90 · first_building Monastery |
| 19:20 | 我没医保我不上 · first_building Monastery |
| 19:44 | 精锐蒙古突骑 · first_building Castle |
| 21:18 | 我没医保我不上 · first_market_buy 100 food |
| 23:23 | 我没医保我不上 · first_building Siege Workshop |
| 24:25 | JAGR | Mazzei10 · first_building Castle |
| 25:29 | 精锐蒙古突骑 · first_building Barracks |
| 26:01 | JAGR | Mazzei10 · wall_segment Stone Wall x2 |
| 26:03 | carc90 · first_building Castle |
| 26:30 | 我没医保我不上 · first_market_sell 100 food |
| 27:07 | 精锐蒙古突骑 · first_building Stable |
| 28:31 | 精锐蒙古突骑 · age_up imperial |
| 30:14 | 我没医保我不上 · age_up imperial |
| 30:23 | 精锐蒙古突骑 · first_building Siege Workshop |
| 31:11 | 精锐蒙古突骑 · first_market_sell 100 food |
| 32:17 | 精锐蒙古突骑 · first_building Archery Range |
| 35:19 | carc90 · age_up imperial |
| 35:43 | JAGR | Mazzei10 · age_up imperial |
| 37:04 | 我没医保我不上 · first_building Barracks |
| 37:52 | JAGR | Mazzei10 · wall_segment Stone Wall x4 |
| 39:01 | JAGR | Mazzei10 · first_building Archery Range |
| 39:24 | carc90 · first_market_sell 100 wood |
| 41:10 | JAGR | Mazzei10 · resign |
[ ANÁLISIS IA · 1 CRÉDITO ]
¿Qué pasó realmente en esta partida?
Wolo.gg analiza cada decisión: build order, eco, micro, errores típicos por bracket. Análisis personalizado por WhatsApp o Discord en 30 segundos.
Guía civ
Celtas
Perfil
Jugador #9049324